 Dungeon Crawl Stone Soup version 0.26.0-20-g3ca415f5b8 (webtiles) character file.

Game seed: 3314084184463163378

51 thiole the Sneak (level 3, -2/21 HPs)
             Began as an Octopode Hedge Wizard on Jan 25, 2021.
             Killed from afar by Sigmund (6 damage)
             ... with a puff of flame
             ... on level 2 of the Dungeon.
             The game lasted 00:02:49 (1699 turns).

thiole the Sneak (Octopode Hedge Wizard)            Turns: 1699, Time: 00:02:49

Health: -2/21      AC:  1    Str:  9    XL:     3   Next: 83%
Magic:  7/7        EV: 13    Int: 17    God:
Gold:   87         SH:  0    Dex: 11    Spells: 7/8 levels left

rFire    . . .     SeeInvis .   a - +0 dagger
rCold    . . .     Faith    .   (no shield)
rNeg     . . .     Spirit   .   b - +0 hat
rPois    .         Reflect  .   (no amulet)
rElec    .         Harm     .   (no ring)
rCorr    .         Rampage  .   (no ring)
Will     .....                  (no ring)
Stlth    +++.......             (no ring)
HPRegen  0.07/turn              (no ring)
MPRegen  0.10/turn              (no ring)
                                (no ring)
                                (no ring)

@: attractive
A: almost no armour, stealthy swim, amphibious, 8 rings, constrict 8, camouflage
1, gelatinous body 1
a: no special abilities


You were on level 2 of the Dungeon.
You visited 1 branch of the dungeon, and saw 3 of its levels.

You collected 87 gold pieces.

Inventory:

Hand Weapons
 a - a +0 dagger (weapon)
Missiles
 j - 31 poisoned darts (quivered)
Armour
 b - a +0 hat (worn)
Scrolls
 d - a scroll of teleportation
 e - 2 scrolls of remove curse {unknown}
 g - a scroll of fog
 h - a scroll of enchant armour {unknown}
 i - 2 scrolls of identify {unknown}
Potions
 c - a potion of curing {unknown}
 f - a potion of attraction


   Skills:
 - Level 2.0 Dodging
 + Level 3.8 Stealth
 + Level 3.3 Spellcasting
 + Level 1.9 Conjurations
 + Level 1.8 Summonings
 - Level 1.0 Translocations


You had 7 spell levels left.
You knew the following spells:

 Your Spells              Type           Power        Failure   Level
a - Magic Dart            Conj           36%          8%          1

Your spell library contained the following spells:

 Spells                   Type           Power        Failure   Level
 Call Imp                 Summ           9%           12%         2
 Blink                    Tloc           N/A          17%         2
 Slow                     Hex            2%           26%         2
 Conjure Flame            Conj/Fire      6%           34%         3
 Mephitic Cloud           Conj/Pois/Air  5%           36%         3


Dungeon Overview and Level Annotations

Branches:
Dungeon (3/15)

Altars:

Annotations:
D:2 Sigmund


Innate Abilities, Weirdness & Mutations

You cannot wear most types of armour.
You are very stealthy in the water. (Stealth+)
You are amphibious.
You can wear up to eight rings at the same time.
You can use your tentacles to constrict eight enemies at once.
Your skin changes colour to match your surroundings (Stealth+).
Your rubbery body absorbs attacks. (AC +1, EV +1)


Message History

Throw: 33 darts (poison)
Press: ? - help, Q - select action, (/) - cycle Shift-Dir - straight line, f/p - Sigmund
Aim: Sigmund, wielding a +0 scythe and wearing a +0 robe (lightly wounded, constricted by you)
You throw a poisoned dart. The poisoned dart hits Sigmund.
Sigmund is lightly wounded.
You constrict Sigmund, but do no damage.
Throw: 32 darts (poison)
Press: ? - help, Q - select action, (/) - cycle Shift-Dir - straight line, f/p - Sigmund
Aim: Sigmund, wielding a +0 scythe and wearing a +0 robe (lightly wounded, constricted by you)
You throw a poisoned dart. The poisoned dart hits Sigmund.
Sigmund is lightly wounded.
You constrict Sigmund. Sigmund hits you with a +0 scythe!
Ouch! That really hurt!
* * * LOW HITPOINT WARNING * * *
It was a potion of attraction.
You feel attractive to monsters.
You constrict Sigmund. Sigmund gestures at you while chanting.
The puff of flame hits you.
You die...

####### #...(.# #####
##.###.# # #...# #....#.#
# ###...####..#.#.# #
####.......<#..#.#.#
#######.....#..@.....#.#.#
.........##.##..@##.##...#
......#..#...#####...#.###
###.#.#....#.......#..[#
#.#.##.#...#####...#.#
#.#...###.## ##.##.#
#.###.###.# #.#..#
###.##....#(# #.####
..#.##....#.# #(#
#.#.##...##(## ##.##


You could see Sigmund.

Vanquished Creatures
  A gnoll (D:1)
  An adder (D:2)
  A leopard gecko (D:1)
  4 bats
  3 giant cockroaches (D:1)
  6 goblins
  2 hobgoblins (D:1)
  3 kobolds (D:1)
  2 ball pythons (D:1)
  6 frilled lizards
  3 rats (D:1)
32 creatures vanquished.

Notes
Turn   | Place    | Note
-------+----------+-------------------------------------------
     0 | D:1      | thiole the Octopode Hedge Wizard began the quest for the
                  | Orb.
     0 | D:1      | Reached XP level 1. HP: 11/11 MP: 4/4
   116 | D:1      | Reached XP level 2. HP: 17/17 MP: 1/6
   542 | D:1      | Reached XP level 3. HP: 21/21 MP: 4/7
  1277 | D:2      | Noticed Sigmund
  1699 | D:2      | Killed from afar by Sigmund

Illustrated notes

Levels and vault maps discovered:
D:1:      sevenhm_arrival_forest_fort_large_1, layout_rooms
D:2:      layout_basic, okawaru_gym_becter, minmay_misc_feat_tower,
          dk_noncrumbling_3, uniq_sigmund
D:3:      layout_rooms, uniq_grinder, uniq_robin, uniq_jessica

Skill      XL: |  1 |
---------------+----+-----
Stealth        | 3 |  3.8
Dodging        | |  2.0
Spellcasting   | |  3.3
Conjurations   | |  1.9
Summonings     | |  1.8
Translocations | |  1.0

Action                   || total
-------------------------++-------
Melee: Dagger            ||    13
       Constrict         ||     4
       Tentacles         ||     2
Throw: Dart              ||     4
 Cast: Magic Dart        ||    68
  Use: Scroll            ||     3
       Potion            ||     1
Dodge: Dodged            ||    13
